 Dungeon Crawl Stone Soup version 0.30-a0-1043-g60ff8d5f49 (webtiles) character file.

Game seed: 6921024036964105170

102 Arcadio the Grave Robber (level 5, -7/35 HPs)
             Began as a Human Necromancer on Apr 9, 2023.
             Killed from afar by a hobgoblin (13 damage)
             ... with a puff of flame
             ... on level 2 of the Dungeon.
             The game lasted 00:05:27 (1753 turns).

Arcadio the Grave Robber (Human Necromancer)        Turns: 1753, Time: 00:05:28

Health: -7/35      AC:  2    Str:  9    XL:     5   Next: 6%
Magic:  4/9        EV: 13    Int: 17    God:
Gold:   98         SH:  0    Dex: 13    Spells: 6/10 levels left

rFire   . . .      SeeInvis .    m - +1 short sword (freeze)
rCold   . . .      Faith    .    (no shield)
rNeg    . . .      Spirit   .    a - +0 robe
rPois   .          Reflect  .    (no helmet)
rElec   .          Rampage  .    k - scarf {+Inv}
rCorr   .                        (no gloves)
Will    .....                    (no boots)
Stlth   ++                       (no amulet)
HPRegen 0.25/turn                (no ring)
MPRegen 0.11/turn                (no ring)

@: no status effects
A: no striking features
a: Evoke Invisibility


You were on level 2 of the Dungeon.
You visited 1 branch of the dungeon, and saw 2 of its levels.

You collected 98 gold pieces.

Inventory:

Hand Weapons
 e - a +0 mace
 f - a +0 short sword
 j - a +0 flail
 m - a +1 short sword of freezing (weapon)
Armour
 a - a +0 robe (worn)
 k - a scarf of invisibility (worn)
Scrolls
 c - a scroll of identify {unknown}
 g - a scroll of fear {unknown}
 h - a scroll of enchant armour {unknown}
 l - a scroll of magic mapping {unknown}
 o - a scroll of enchant weapon {unknown}
Potions
 b - a potion of magic
 d - a potion of brilliance {unknown}
 i - a potion of invisibility {unknown}
 n - a potion of curing {unknown}


   Skills:
 + Level 3.1 Dodging
 - Level 2.0 Stealth
 + Level 3.0 Spellcasting
 + Level 4.7 Necromancy


You had 6 spell levels left.
You knew the following spells:

 Your Spells              Type           Power      Damage    Failure   Level
a - Necrotise             Necr           72%        1d7       2%          1
b - Vampiric Draining     Necr           18%        2d7       8%          3

Your spell library contained the following spells:

 Spells                   Type           Power      Damage    Failure   Level
 Animate Dead             Necr           18%        N/A       24%         4
 Ensorcelled Hibernation  Hex/Ice        4%         N/A       26%         2
 Spider Form              Tmut/Pois      2%         N/A       45%         3
 Anguish                  Hex/Necr       5%         N/A       54%         4
 Agony                    Necr           18%        N/A       56%         5


Dungeon Overview and Level Annotations

Branches:
Dungeon (2/15) Zot: 10221

Altars:


Message History

Aim: a gnoll, wielding a +0 spear (heavily wounded, ally target, chance to affect: 83%)
The gnoll barely resists.
The gnoll hits you with a +0 spear.
Casting: Necrotise (safe; 2% risk of failure)
Confirm with . or Enter, or press ? or * to list all spells.
Aiming: Necrotise (safe; 2% risk of failure)
Press: ? - help, Shift-Dir - straight line, f/p - gnoll
Aim: a gnoll, wielding a +0 spear (heavily wounded, ally target, chance to affect: 83%)
The gnoll writhes in agony.
The gnoll hits you with a +0 spear!
Casting: Necrotise (safe; 2% risk of failure)
Confirm with . or Enter, or press ? or * to list all spells.
Aiming: Necrotise (safe; 2% risk of failure)
Press: ? - help, Shift-Dir - straight line, f/p - gnoll
Aim: a gnoll, wielding a +0 spear (severely wounded, ally target, chance to affect: 83%)
The gnoll writhes in agony.
You kill the gnoll!
The dead are walking!
You have reached level 5!
A hobgoblin is nearby!
You swap places.
A hobgoblin is nearby!
A hobgoblin is nearby!
A hobgoblin is nearby!
The hobgoblin zaps a wand.
The puff of flame hits your gnoll skeleton!
Your gnoll skeleton hits the hobgoblin but does no damage.
Your gnoll skeleton closely misses the hobgoblin.
You closely miss the hobgoblin. The hobgoblin hits you.
Your gnoll skeleton hits the hobgoblin.
You completely miss the hobgoblin.
The hobgoblin is lightly wounded.
The hobgoblin barely misses you.
You hit the hobgoblin. You freeze the hobgoblin.
The hobgoblin is heavily wounded.
Your gnoll skeleton barely misses the hobgoblin.
The hobgoblin zaps a wand.
The puff of flame hits you!
* * * LOW HITPOINT WARNING * * *
You closely miss the hobgoblin.
The hobgoblin is heavily wounded.
The hobgoblin zaps a wand.
The puff of flame hits you!
You die...

....... ....... #####
...........# #...#
..#........#####...#
..............##...#########
?.............##...##.......
......(..........#........
..........##<...........
##...Zg@..)[))...>......
#####...#.#.#..............
........)#...###............
.......#....####..........<.
.......#.........###........
.......#.....##### ##.......
............## ###.####
.g.....##....# ##..# .......
#.#.... ##.)##


You could see a hobgoblin (ally target) and a friendly gnoll skeleton.

Vanquished Creatures
  3 gnolls
  3 adders
  2 dart slugs
  2 ball pythons
  2 bats (D:1)
  2 giant cockroaches (D:1)
  5 goblins
  4 hobgoblins
  3 jackals (D:1)
  6 kobolds
  3 frilled lizards
  7 rats
42 creatures vanquished.

Vanquished Creatures (collateral kills)
  An endoplasm (D:1)
  A bat (D:1)
2 creatures vanquished.

Grand Total: 44 creatures vanquished

Notes
Turn   | Place    | Note
-------+----------+-------------------------------------------
     0 | D:1      | Arcadio the Human Necromancer began the quest for the Orb.
     0 | D:1      | Reached XP level 1. HP: 13/13 MP: 3/3
   142 | D:1      | Reached XP level 2. HP: 3/19 MP: 0/5
   564 | D:1      | Reached XP level 3. HP: 20/24 MP: 6/6
   572 | D:1      | Learned a level 3 spell: Vampiric Draining
   939 | D:1      | Found a faded altar of an unknown god.
  1270 | D:1      | Reached XP level 4. HP: 12/30 MP: 4/8
  1741 | D:2      | Reached XP level 5. HP: 16/35 MP: 2/9
  1753 | D:2      | Killed from afar by a hobgoblin

Illustrated notes

Levels and vault maps discovered:
D:1:      tarquinn_simple_flora_water_d, layout_basic,
          dilly_ecumenical_altar_fadedgnrine
D:2:      layout_rooms

Skill      XL: |  1  2  3  4 |
---------------+-------------+-----
Dodging        | 3 |  3.1
Spellcasting   | 3 |  3.0
Stealth        | |  2.0
Necromancy     | |  4.7

Action                     |  1- 3 |  4- 6 || total
---------------------------+-------+-------++-------
  Melee: Unarmed           |    52 |       ||    52
         Mace              |    31 |       ||    31
         Flail             |    12 |     9 ||    21
         Short sword       |       |    22 ||    22
   Cast: Necrotise         |    25 |    19 ||    44
   Stab: Sleeping          |     2 |       ||     2
 Armour: Robe              |    23 |     8 ||    31
  Dodge: Dodged            |   102 |    30 ||   132

Table legend: (Time is in decaauts)
 A = Elapsed time spent in this place.
 B = Non-inter-level travel time spent in this place.
 C = Inter-level travel time spent in this place.
 D = Time resting spent in this place.
 E = Time spent auto-exploring this place.
 F = Levels seen in this place.
 G = Mean time per level.
                   A        B        C        D        E       F      G
               +--------+--------+--------+--------+--------+-----+--------+
         Total |   1777 |   1746 |     31 |    338 |    940 |   2 |  888.5 |
       Dungeon |   1777 |   1746 |     31 |    338 |    940 |   2 |  888.5 |
               +--------+--------+--------+--------+--------+-----+--------+

Top non-repeatable levels by time:
     D:1: 1469 daAuts
     D:2: 307 daAuts
